 Dungeon Crawl Stone Soup version 0.17-a0-1572-g7a1422d (webtiles) character file.

48266 karlkraus the Peltast (level 14, -4/186 HPs)
             Began as a Minotaur Fighter on July 25, 2015.
             Was the Champion of Qazlal.
             Slain by a wolf spider (8 damage)
             ... on level 4 of the Spider Nest.
             The game lasted 01:14:20 (11883 turns).

karlkraus the Peltast (Minotaur Fighter)           Turns: 11883, Time: 01:14:23

Health: -4/186     AC: 34    Str: 37      XL:     14   Next: 11%
Magic:  13/13      EV: 10    Int:  8      God:    Qazlal [******]
Gold:   657        SH:  0    Dex: 16 (18) Spells: 0 memorised, 13 levels left

rFire  . . .     SeeInvis +     n - +8 mace of the Pyrrhic Victory {crush, *Rage Int+3 Dex+9 SInv}
rCold  . . .     Rnd*Rage +     p - +0 plate armour
rNeg   . . .     SustAt   .     G - +2 large shield {rPois}
rPois  +         Gourm    .     (helmet restricted)
rElec  .         Spirit   .     r - +2 cloak
rCorr  .         Warding  .     K - +1 pair of gloves {Str+3}
rMut   .         Rnd*Tele +     t - +2 pair of boots {Fly}
MR     +....                    C - amulet of regeneration
Stlth  ..........               q - +5 ring of protection
                                D - +2 ring of strength

@: confused, berserking, lethally poisoned (-4 -> -5), protected from physical
damage, flying, very slightly contaminated, slowed, studying Stealth, repel
missiles, somewhat resistant to hostile enchantments, extremely unstealthy
A: retaliatory headbutt, hooves 1, horns 2, yellow scales 1, blink 1, blurry
vision 1, teleportitis 1, subdued magic 1
a: Blink, Upheaval, Elemental Force, Disaster Area, Renounce Religion, Stop
Flying


You were on level 4 of the Spider Nest.
You worshipped Qazlal.
Qazlal was exalted by your worship.
You were not hungry.

You visited 3 branches of the dungeon, and saw 18 of its levels.

You collected 971 gold pieces.
You spent 314 gold pieces at shops.

Inventory:

Hand weapons
 n - the +8 mace of the Pyrrhic Victory (weapon) {crush, *Rage Int+3 Dex+9 SInv}
   (You found it on level 6 of the Dungeon)

   It inflicts extra damage upon your enemies.
   It affects your intelligence (+3).
   It affects your dexterity (+9).
   It lets you see invisible.
   It may make you go berserk in combat.
 v - a +6 flail of flaming
 M - a +0 flail of venom
 Q - a +0 blowgun
Missiles
 P - 7 curare-tipped needles
Armour
 p - a +0 plate armour (worn)
 r - a +2 cloak (worn)
 t - a +2 pair of boots of flying (worn)
 G - a +2 large shield of poison resistance (worn)
 K - a +1 pair of gloves of strength (worn)
Jewellery
 q - a +5 ring of protection (right hand)
 C - an amulet of regeneration (around neck)
 D - a +2 ring of strength (left hand)
 L - an uncursed amulet of guardian spirit {unknown}
Magical devices
 c - a wand of digging (10)
 x - a wand of slowing (16)
 O - a wand of enslavement (8)
 T - a wand of confusion (39)
Scrolls
 a - a scroll of amnesia {unknown}
 b - 3 scrolls of recharging
 f - 4 scrolls of teleportation
 g - 2 scrolls of magic mapping
 h - a scroll of noise
 i - a scroll of fog
 k - a scroll of vulnerability {unknown}
 m - 9 scrolls of remove curse
 o - 2 scrolls of fear
 y - a scroll of identify
 A - a scroll of blinking
 V - a scroll of summoning
Potions
 s - 2 potions of cure mutation
 I - a potion of resistance
 N - a potion of cancellation {unknown}
 S - 2 potions of magic
 W - 2 potions of lignification
 Z - a potion of invisibility
Books
 w - a book of Envenomations

   Spells                             Type                      Level
   a - Spider Form                    Transmutation/Poison         3
   b - Alistair's Intoxication        Transmutation/Poison         4
   c - Olgreb's Toxic Radiance        Poison                       4
   d - Poisonous Cloud                Conjuration/Poison/Air       6
 z - a manual of Stealth
 B - a Fen Folio

   Spells                             Type                      Level
   a - Corpse Rot                     Necromancy                   2
   b - Stone Arrow                    Conjuration/Earth            3
   c - Leda's Liquefaction            Hexes/Earth                  4
   d - Summon Forest                  Summoning/Translocation      5
   e - Hydra Form                     Transmutation                6
   f - Summon Hydra                   Summoning                    7
 E - a book of Geomancy

   Spells                             Type                      Level
   a - Sandblast                      Earth                        1
   b - Stoneskin                      Transmutation/Earth          2
   c - Passwall                       Transmutation/Earth          3
   d - Stone Arrow                    Conjuration/Earth            3
   e - Petrify                        Transmutation/Earth          4
   f - Lee's Rapid Deconstruction     Earth                        5
 R - a book of the Tempests

   Spells                             Type                      Level
   a - Static Discharge               Conjuration/Air              3
   b - Lightning Bolt                 Conjuration/Air              5
   c - Fireball                       Conjuration/Fire             5
   d - Tornado                        Air                          9
   e - Shatter                        Earth                        9
 Y - a book of the Dragon

   Spells                             Type                      Level
   a - Flame Tongue                   Conjuration/Fire             1
   b - Cause Fear                     Hexes                        4
   c - Bolt of Fire                   Conjuration/Fire             6
   d - Dragon Form                    Transmutation                7
   e - Dragon's Call                  Summoning                    9
Miscellaneous
 H - a fan of gales
Comestibles
 e - 12 bread rations
 l - 2 meat rations
 F - 9 beef jerkies
 J - a slice of pizza
 U - 15 royal jellies


   Skills:
 + Level 11.3 Fighting
 + Level 14.0 Maces & Flails
 + Level 10.8 Armour
 + Level 4.8 Dodging
 + Level 1.3 Stealth
 + Level 19.2 Shields
 + Level 1.0 Evocations


You had 13 spell levels left.
You didn't know any spells.

Dungeon Overview and Level Annotations

Branches:
Dungeon (11/15)            Temple (0/1) D:5            Lair (3/8) D:10
 Spider (4/4) Lair:3
  Swamp: Lair:3-6    Shoals: Lair:3-6       Orc: D:9-12

Altars:
Ashenzari
Cheibriados
Dithmenos
Elyvilon
Fedhas
Makhleb
Nemelex Xobeh
Qazlal
Vehumet
Xom

Shops:
D:4 *   D:8 =


Innate Abilities, Weirdness & Mutations

You reflexively headbutt those who attack you in melee.
You have a pair of horns on your head.
You have large cloven feet.
You are partially covered in yellow scales (AC +2).
You can translocate small distances at will.
Scrolls take you a little longer to read.
You are occasionally teleported to nearby monsters.
Your spells are a little easier to cast, but a little less powerful.


Message History

You are confused.
The wolf spider hits you but does no damage.
The wolf spider bites you.
* * * LOW HITPOINT WARNING * * *
Unknown command.
Drink which item? (? for menu, Esc to quit)
It was a potion of berserk rage.
A red film seems to cover your vision as you go berserk!
You feel yourself moving faster!
You feel mighty!
You feel sick.
You hear a hideous shriek!
The tarantella is engulfed in freezing vapours.
The tarantella closely misses you.
The tarantella bites you but does no damage.
The jumping spider leaps!
The wolf spider barely misses you.
The wolf spider bites you but does no damage.
The tarantella is engulfed in freezing vapours.
The tarantella barely misses you.
The tarantella bites you but does no damage.
The wolf spider hits you!
You die...

..≈
##≈.
##..≈
#.≈.≈
#..s.
#..ss
#§ys##
#ys@#
#.ss##
#≈.^#
#...#
#≈.≈.
#...
#.≈
###


You could see 2 wolf spiders, a hornet, an orb spider, a jumping spider, 2
tarantellas, a wasp and a spider.

Vanquished Creatures
  An entropy weaver (Spider:1)
  A hydra (Lair:2)
  Urug (D:10)
  Pikel (D:4)
  The ghost of karlkraus the Shield-Bearer, an experienced MiFi of Qazlal (D:5)
  8 wolf spider zombies (Spider:3)
  16 wolf spiders
  A necromancer (Spider:3)
  3 orb spiders
  An oklob plant (Lair:2)
  4 hornets
  A moth of wrath (Spider:1)
  A cyclops (D:10)
  The ghost of cireshan the Thaumaturge, an experienced DECj (D:10)
  3 black mambas
  5 spiny frogs
  3 komodo dragons
  3 demonic crawlers
  A polar bear (Lair:2)
  A two-headed ogre (D:8)
  7 blink frogs
  A boulder beetle (Spider:4)
  Prince Ribbit (D:5)
  8 jumping spiders
  5 tarantella zombies (Spider:3)
  A queen bee (D:10)
  23 redbacks
  Sigmund (D:4)
  12 trapdoor spiders
  The ghost of karlkraus the Covered, an average MiFi (D:4)
  15 tarantellas
  26 yaks
  6 hippogriffs
  Edmund (D:4)
  5 water moccasins
  An ice beast (D:8)
  2 phantoms
  8 porcupines
  A sky beast (D:9)
  10 spiders
  2 wasps
  10 crocodiles
  An eye of draining (D:10)
  A big kobold (D:7)
  3 ogres
  7 centaurs
  13 giant frogs
  16 spider zombies (Spider:3)
  A wight (D:10)
  6 scorpions
  26 killer bees (D:10)
  6 crimson imps
  A jelly (D:6)
  A wasp zombie (D:10)
  3 giant frog zombies
  5 orc wizards
  Crazy Yiuf (D:2)
  2 quasits
  A centaur skeleton (D:5)
  A gnoll shaman (D:5)
  3 hounds
  6 iguanas
  An orc priest (D:5)
  7 worker ants
  A killer bee zombie (D:8)
  12 sheep (Lair:2)
  A hound zombie (D:4)
  A hound skeleton (D:4)
  A worker ant zombie (D:8)
  11 gnolls
  7 adders
  27 river rats
  3 shadow imps
  An ooze (D:3)
  3 adder zombies
  3 worms
  3 giant geckos
  15 orcs
  11 bats
  A bat zombie (D:6)
  5 giant cockroaches
  15 goblins
  15 hobgoblins
  10 jackals
  12 kobolds
  7 quokkas
  2 ball pythons
  5 giant newts
  A jackal skeleton (D:7)
  A quokka skeleton (D:6)
  16 rats
  7 fungi
  5 plants
518 creatures vanquished.

Vanquished Creatures (others)
  A jumping spider (Spider:1)
  A redback (Spider:4)
  A bat (D:4)
  2 fungi
5 creatures vanquished.

Grand Total: 523 creatures vanquished

Notes
Turn   | Place    | Note
--------------------------------------------------------------
     0 | D:1      | karlkraus the Minotaur Fighter began the quest for the Orb.
     0 | D:1      | Reached XP level 1. HP: 19/19 MP: 0/0
   110 | D:1      | Reached XP level 2. HP: 27/27 MP: 1/1
   135 | D:1      | Reached skill level 4 in Armour
   727 | D:1      | Reached XP level 3. HP: 26/33 MP: 2/2
   946 | D:2      | Reached skill level 1 in Dodging
  1300 | D:2      | Noticed Crazy Yiuf
  1307 | D:2      | Killed Crazy Yiuf
  1307 | D:2      | Reached XP level 4. HP: 33/40 MP: 3/3
  1632 | D:3      | Found a shimmering altar of Xom.
  2116 | D:3      | Found a shadowy altar of Dithmenos.
  2410 | D:4      | Reached XP level 5. HP: 43/47 MP: 4/4
  2525 | D:4      | Found Fyquddue's Assorted Antiques.
  2528 | D:4      | Bought a glowing grey potion for 18 gold pieces
  2528 | D:4      | Bought a runed large shield for 94 gold pieces
  2528 | D:4      | Bought an onyx ring for 105 gold pieces
  2588 | D:4      | Reached skill level 5 in Armour
  2588 | D:4      | Reached skill level 5 in Shields
  2599 | D:4      | Reached XP level 6. HP: 50/53 MP: 5/5
  2632 | D:4      | Noticed Sigmund
  2642 | D:4      | Killed Sigmund
  2642 | D:4      | Reached skill level 5 in Fighting
  2657 | D:4      | Noticed a slave
  2658 | D:4      | Noticed Pikel
  2658 | D:4      | Noticed a slave
  2658 | D:4      | Noticed a slave
  2660 | D:4      | Noticed a slave
  2673 | D:4      | Noticed karlkraus's ghost (average MiFi)
  2709 | D:4      | Killed Pikel
  2709 | D:4      | Reached skill level 6 in Armour
  2709 | D:4      | Reached skill level 7 in Shields
  2709 | D:4      | Reached XP level 7. HP: 54/61 MP: 6/6
  2782 | D:4      | Killed karlkraus's ghost
  2782 | D:4      | Reached skill level 5 in Maces & Flails
  2782 | D:4      | Reached skill level 8 in Shields
  2782 | D:4      | Reached XP level 8. HP: 31/69 MP: 7/7
  2878 | D:4      | Noticed Edmund
  2906 | D:4      | Killed Edmund
  2937 | D:4      | Found a white marble altar of Elyvilon.
  3097 | D:5      | Entered Level 5 of the Dungeon
  3284 | D:5      | Found a stormy altar of Qazlal.
  3304 | D:5      | Reached skill level 9 in Shields
  3314 | D:5      | Became a worshipper of Qazlal Stormbringer
  3333 | D:5      | Got a twisted robe
  3358 | D:5      | Identified the +2 robe "Xeunwameno" {*Contam rC+ MR+ Int+2} (You found it on level 5 of the Dungeon)
  3360 | D:5      | Gained mutation: You are clumsy. (Dex -2) [potion of mutation]
  3360 | D:5      | Gained mutation: Scrolls take you a little longer to read. [potion of mutation]
  3360 | D:5      | Gained mutation: You can spit weak poison. [potion of mutation]
  3361 | D:5      | Lost mutation: Scrolls take you a little longer to read. [potion of cure mutation]
  3361 | D:5      | Lost mutation: You can spit weak poison. [potion of cure mutation]
  3361 | D:5      | Lost mutation: You are clumsy. (Dex -2) [potion of cure mutation]
  3406 | D:5      | Noticed karlkraus's ghost (experienced MiFi)
  3425 | D:5      | Killed karlkraus's ghost
  3425 | D:5      | Reached skill level 1 in Evocations
  3548 | D:5      | Reached skill level 10 in Shields
  3552 | D:5      | Noticed Prince Ribbit
  3561 | D:5      | Killed Prince Ribbit
  3561 | D:5      | Reached XP level 9. HP: 61/77 MP: 8/8
  3584 | D:5      | Found a staircase to the Ecumenical Temple.
  3980 | D:6      | Reached skill level 1 in Stealth
  4110 | D:6      | Acquired Qazlal's first power
  4430 | D:6      | Got a scorched mace
  4545 | D:6      | Reached skill level 11 in Shields
  4598 | D:6      | Identified the +8 mace of the Pyrrhic Victory {crush, *Rage Int+3 Dex+9 SInv} (You found it on level 6 of the Dungeon)
  4819 | D:7      | Found a snail-covered altar of Cheibriados.
  4819 | D:7      | Found a sparkling altar of Nemelex Xobeh.
  4820 | D:7      | Found a shattered altar of Ashenzari.
  4943 | D:7      | Acquired Qazlal's second power
  5201 | D:8      | Reached XP level 10. HP: 86/86 MP: 9/9
  5291 | D:8      | Reached skill level 12 in Shields
  5480 | D:8      | Found a blossoming altar of Fedhas.
  5739 | D:8      | Found Xaras's Jewellery Emporium.
  5742 | D:8      | Bought a +2 ring of strength for 97 gold pieces
  5970 | D:9      | Gained mutation: You can translocate small distances at will. [mutagenic meat]
  5971 | D:9      | Gained mutation: Scrolls take you a little longer to read. [mutagenic meat]
  5972 | D:9      | Gained mutation: You are partially covered in yellow scales (AC +2). [mutagenic meat]
  5973 | D:9      | Gained mutation: Your spells are a little easier to cast, but a little less powerful. [mutagenic meat]
  5974 | D:9      | Gained mutation: You are occasionally teleported to nearby monsters. [mutagenic meat]
  5975 | D:9      | Gained mutation: You have large cloven feet. [mutagenic meat]
  6301 | D:10     | Entered Level 10 of the Dungeon
  6332 | D:10     | Noticed Urug
  6347 | D:10     | Killed Urug
  6347 | D:10     | Acquired Qazlal's third power
  6428 | D:10     | Reached skill level 13 in Shields
  6537 | D:10     | Found a burning altar of Makhleb.
  6622 | D:10     | Acquired Qazlal's fourth power
  6661 | D:10     | Reached XP level 11. HP: 95/95 MP: 10/10
  6672 | D:10     | Reached skill level 10 in Maces & Flails
  6701 | D:10     | Found a staircase to the Lair.
  6941 | D:10     | Noticed cireshan's ghost (experienced DECj)
  6943 | D:10     | Noticed a cyclops
  6954 | D:10     | Killed cireshan's ghost
  6958 | D:10     | Killed a cyclops
  6988 | D:10     | Identified a scroll of acquirement
  7116 | Lair:1   | Entered Level 1 of the Lair of Beasts
  7142 | Lair:1   | Reached skill level 14 in Shields
  8493 | Lair:2   | Noticed a seven-headed hydra
  8580 | Lair:2   | Killed a seven-headed hydra
  8580 | Lair:2   | Reached skill level 15 in Shields
  8591 | Lair:2   | Acquired Qazlal's fifth power
  8598 | Lair:2   | Reached XP level 12. HP: 106/106 MP: 11/11
  8819 | Lair:2   | Found a radiant altar of Vehumet.
  9496 | Lair:3   | Reached skill level 10 in Fighting
  9739 | Lair:3   | Reached skill level 16 in Shields
  9923 | Lair:3   | Found a hole to the Spider Nest.
  9979 | Spider:1 | Entered Level 1 of the Spider Nest
 10210 | Spider:1 | Noticed an entropy weaver
 10232 | Spider:1 | Killed an entropy weaver
 10232 | Spider:1 | Reached skill level 10 in Armour
 10232 | Spider:1 | Reached skill level 17 in Shields
 10235 | Spider:1 | Reached XP level 13. HP: 114/114 MP: 12/12
 11207 | Spider:2 | Reached skill level 18 in Shields
 11789 | Spider:4 | Entered Level 4 of the Spider Nest
 11815 | Spider:4 | Reached skill level 19 in Shields
 11830 | Spider:4 | Reached XP level 14. HP: 124/124 MP: 13/13
 11882 | Spider:4 | HP: 5/124 [tarantella (8)]
 11882 | Spider:4 | HP: 2/124 [wolf spider (3)]
 11883 | Spider:4 | Slain by a wolf spider

Vault maps used:
D:1:      denvon_arrival_planthouse
D:2:      uniq_crazy_yiuf_cottage
D:3:      lemuel_coloured_pillars_altar, old_standard_altar, kennysheep_potato
D:4:      elyvilon_altar_3, first_bread, serial_shops, kennysheep_mini_moat,
          uniq_pikel, uniq_sigmund, uniq_edmund
D:5:      minmay_temple_entry_hall, grunt_qazlal_sundering, uniq_prince_ribbit1
D:6:      kennysheep_generic_room_7
D:7:      gammafunk_temple_overflow_claw, grunt_ogre_cave
D:8:      fedhas_bush_and_centaur_altar, serial_shops, kennysheep_mini
D:10:     lair_0_dummy, basic_altar, st_stairs_5, hangedman_decor_growths,
          uniq_urug
D:11:     zombieorc2_lemuel, lab_entry_generic, uniq_gastronok
Lair:1:   beast_lair_carwin_9
Lair:2:   lemuel_oklob_altar, infiniplex_staircase_pool_2
Lair:3:   spider_nest_entry_funnel_web, beast_lair_carwin_11,
          serial_bayou_shore_b, grunt_megastairs_3
Spider:3: lemuel_spider_zombies
Spider:4: guppyfry_spider_rune, nicolae_spider_shape

Action                   |  1- 3 |  4- 6 |  7- 9 | 10-12 | 13-15 || total
-------------------------+-------+-------+-------+-------+-------++-------
Melee: Flail             |    93 |    15 |   139 |       |       ||   247
       Mace              |       |   119 |   140 |   561 |   302 ||  1122
Evoke: Wand              |       |       |     5 |     1 |       ||     6
  Use: Potion            |     1 |       |     9 |       |     5 ||    15
       Scroll            |       |    13 |     8 |    12 |     2 ||    35
  Eat: Chunk             |       |     6 |     6 |    32 |     2 ||    46
       Bread ration      |       |       |     1 |       |       ||     1
       Pizza             |       |       |       |     1 |       ||     1
       Fruit             |       |       |       |     3 |       ||     3
       Meat ration       |       |       |       |       |     2 ||     2
